AoeStats
← Q

Arabia

506166058Analyzed
1v1 RM · 19d ago on Sep 12, 2026· 60m 51s· 2 players
Game mode
Random Map
Map size
Tiny (2 player)
Population
200
Speed
Normal
Resources
Standard
Victory
Conquest
Starting age
Dark Age
Ending age
Imperial Age
RankedLock teamsTeams togetherTeam positionsShared explorationLock speedFull tech treeHidden civsTurbo modeCheats
Victory
Defeat
🇨🇳 Goths · China
594
+14
🇷🇴 Ethiopians · Romania
541
-14
lemessia10
7:44 Loom
11:16 Feudal Age
11:50 Double-Bit Axe
14:18 Horse Collar
16:22 Gold Mining
17:48 Fletching
24:24 Castle Age
24:49 Forging
24:40 Scale Mail Armor
26:06 Crossbowman
28:59 Bow Saw
29:29 Gold Shaft Mining
28:45 Stone Mining
29:33 Wheelbarrow
30:28 Thumb Ring
31:42 Heavy Plow
32:03 Scale Barding Armor
33:07 Stone Shaft Mining
41:55 Light Cavalry
44:47 Elite Skirmisher
52:36 Imperial Age
55:27 Arbalester
57:16 Bodkin Arrow
59:02 Chemistry
59:47 Bracer
Q
13:29 Feudal Age
11:45 Loom
17:21 Castle Age
16:27 Horse Collar
20:09 Fervor
20:37 Man-at-Arms
23:33 Double-Bit Axe
24:20 Scale Mail Armor
24:12 Long Swordsman
28:38 Chain Mail Armor
28:31 Gold Mining
28:31 Stone Mining
30:42 Wheelbarrow
31:17 Heavy Plow
31:38 Bow Saw
31:54 Squires
32:05 Forging
33:10 Stone Shaft Mining
35:15 Iron Casting
34:32 Fletching
35:28 Anarchy
35:30 Town Watch
35:41 Pikeman
37:53 Murder Holes
39:14 Ballistics
39:12 Bodkin Arrow
42:37 Imperial Age
42:13 Town Patrol
43:05 Herbal Medicine
43:30 Sanctity
43:10 Devotion
42:45 Elite Huskarl
43:47 Conscription
43:52 Hand Cart
43:18 Two-Handed Swordsman
44:59 Blast Furnace
44:00 Bracer
46:15 Crop Rotation
46:55 Sappers
46:55 Champion
47:50 Halberdier
48:35 Caravan
49:05 Coinage
48:45 Guilds
48:37 Padded Archer Armor
48:42 Scale Barding Armor
49:41 Perfusion
49:12 Sappers
51:48 Two-Man Saw
51:07 Light Cavalry
51:07 Cavalier
51:57 Bloodlines
51:47 Husbandry
52:11 Masonry
53:02 Chemistry
51:52 Heated Shot
52:13 Clinker Construction
52:13 Careening
52:23 Shipwright
52:08 Siphons
52:32 Chain Barding Armor
52:28 Leather Archer Armor
52:45 Coinage
52:25 Guilds
52:15 Caravan
52:28 Guilds
52:19 Caravan
52:21 Crossbowman
52:21 Elite Skirmisher
53:49 Devotion
54:09 Sanctity
54:14 Illumination
54:25 Theocracy
53:45 Herbal Medicine
53:15 Capped Ram
56:01 Ring Archer Armor
56:04 Banking
55:13 Hussar
55:16 Heavy Scorpion
57:06 Theocracy
57:19 Architecture
57:10 Carvel Hull
58:55 Faith
58:31 Herbal Medicine
59:16 Heavy Cavalry Archer
59:19 Onager
Connection lost

Rejoining the realm…

Still unreachable

The connection could not be restored.

Session expired

The server has moved on; the page needs a fresh start.